 Dungeon Sprint DCSS version 0.30-a0-304-gdc4b735fe1 (webtiles) character file.

Game seed: 10884197921097836312

574 mhtbhm the Protected (level 7, -29/70 HPs)
             Began as an Armataur Fighter on Oct 21, 2022.
             Was a Priest of Okawaru.
             Annihilated by a large slime creature (32 damage)
             ... in the Dungeon (Sprint IX: "|||||||||||||||||||||||||||||").
             The game lasted 00:01:55 (627 turns).

mhtbhm the Protected (Armataur Fighter)              Turns: 627, Time: 00:01:56

Health: -29/70     AC: 11    Str: 23    XL:     7   Next: 12%
Magic:  7/7        EV:  9    Int: 12    God:    Okawaru [***...]
Gold:   0          SH:  6    Dex: 12    Spells: 6/6 levels left

rFire   . . .      SeeInvis .    a - +2 scimitar (holy)
rCold   . . .      Faith    .    c - +0 buckler
rNeg    . . .      Spirit   .    b - +2 ring mail
rPois   .          Reflect  .    (no helmet)
rElec   .          Harm     .    m - +0 cloak
rCorr   .          Roll     +    (no gloves)
Will    .....      NoTele   +    (no barding)
Stlth   +.........               (no amulet)
HPRegen 0.31/turn                n - +3 ring of intelligence
MPRegen 0.10/turn                o - +3 ring of dexterity

@: no status effects
A: large, rugged brown scales 3, deformed body, armoured tail, roll, long
tongue, awkward tongue
a: Renounce Religion, Heroism


You were in the Dungeon.
You worshipped Okawaru.
Okawaru was most pleased with you.
You visited 1 branch

Inventory:

Hand Weapons
 a - a +2 scimitar of holy wrath (weapon)
Missiles
 d - a curare-tipped dart (quivered)
Armour
 b - a +2 ring mail (worn)
 c - a +0 buckler (worn)
 m - a +0 cloak (worn)
Jewellery
 n - a +3 ring of intelligence (left hand)
 o - a +3 ring of dexterity (right hand)
Wands
 l - a wand of roots (9)
Scrolls
 j - a scroll of blinking
 k - 2 scrolls of amnesia
Potions
 e - 5 potions of curing
 g - a potion of haste
 h - 4 potions of magic


   Skills:
 + Level 7.2 Fighting
 + Level 8.1 Long Blades
 + Level 9.3 Armour
 + Level 1.8 Dodging
 + Level 2.6 Stealth
 + Level 8.1 Shields


You had 6 spell levels left.
You didn't know any spells.
Your spell library was empty.

Dungeon Overview and Level Annotations

Branches:
Dungeon (1/1)

Altars:
Cheibriados
Dithmenos
Elyvilon
Fedhas
Gozag
Hepliaklqana
Kikubaaqudgha
Makhleb
Nemelex Xobeh
Okawaru
Qazlal
Ru
Sif Muna
Trog
Uskayaw
Vehumet
Wu Jian
Xom
Yredelemnul
Zin
The Shining One
Jiyva
Lugonu


Innate Abilities, Weirdness & Mutations

You are completely covered in rugged brown scales. (AC +3, +7% HP)
Armour fits poorly on your strangely shaped body.
You have a long armoured tail.
You roll when moving toward enemies. (Rampage)
Your long tongue fully drains potion bottles. (2x potion effects)
Your tongue gives you trouble enunciating. (1.5x scroll delay)


Message History

You slash the slime creature!
The slime creature is lightly wounded.
You block the slime creature's attack.
You slash the slime creature!
The slime creature is moderately wounded.
The slime creature hits you!
You completely miss the slime creature.
You tail-slap the slime creature, but do no damage.
The slime creature is lightly wounded.
The slime creature barely misses you.
You slash the slime creature!
The slime creature is moderately wounded.
You block the slime creature's attack.
Two slime creatures merge to form a large slime creature.
You slash the large slime creature!
You tail-slap the large slime creature, but do no damage.
The large slime creature is moderately wounded.
Unknown command.
Aiming: Fastroot
Press: ? - help, Shift-Dir - straight line, f - eight-headed hydra
Aim: an eight-headed hydra The roots erupt in riotous growth!
The large slime creature is unaffected.
Roots grab the eight-headed hydra.
The grasping roots constrict the eight-headed hydra.
You hear a shout!
Unknown command.
Unknown command.
You slash the large slime creature! You tail-slap the large slime creature!
The large slime creature is moderately wounded.
The grasping roots constrict the eight-headed hydra.
The roots release their grip on the eight-headed hydra.
The large slime creature hits you!!
You slash the large slime creature!
The large slime creature is heavily wounded.
The large slime creature hits you!!
* * * LOW HITPOINT WARNING * * *
You slash the large slime creature!
The large slime creature is heavily wounded.
The large slime creature hits you!!
You die...

▓○▓
▓R▓
▓e▓
▓.▓
▓.▓
▓T▓
▓D▓
▓J▓
▓@▓
▓'▓
▓)▓
▓.▓
▓.▓
▓[▓
▓[▓
▓.▓
▓)▓


You could see an eight-headed hydra, a large slime creature, a deep elf
pyromancer, a troll and an efreet (wandering).

Vanquished Creatures
  A two-headed ogre (D)
  An acid dragon (D)
  A centaur (D)
  A kobold brigand (D)
  A scorpion (D)
  A killer bee (D)
  2 shadow imps (D)
  A dart slug (D)
  A bat (D)
  2 kobolds (D)
  A quokka (D)
  A ball python (D)
  A rat (D)
15 creatures vanquished.

Vanquished Creatures (others)
  A two-headed ogre (D)
1 creature vanquished.

Grand Total: 16 creatures vanquished

Notes
Turn   | Place    | Note
-------+----------+-------------------------------------------
     0 | D        | mhtbhm the Armataur Fighter began the quest for the Orb.
     0 | D        | Reached XP level 1. HP: 19/19 MP: 1/1
    17 | D        | Reached skill level 4 in Armour
   127 | D        | Noticed a scorpion
   130 | D        | Reached XP level 2. HP: 27/27 MP: 2/2
   137 | D        | Killed a scorpion
   138 | D        | Reached skill level 6 in Armour
   138 | D        | Reached skill level 5 in Shields
   138 | D        | Reached XP level 3. HP: 36/36 MP: 3/3
   140 | D        | Reached XP level 4. HP: 43/43 MP: 4/4
   147 | D        | Found a snail-covered altar of Cheibriados.
   147 | D        | Found a shadowy altar of Dithmenos.
   147 | D        | Found a white marble altar of Elyvilon.
   147 | D        | Found a blossoming altar of Fedhas.
   147 | D        | Found an opulent altar of Gozag.
   148 | D        | Found a hazy altar of Hepliaklqana.
   149 | D        | Found a viscous altar of Jiyva.
   150 | D        | Found an ancient bone altar of Kikubaaqudgha.
   151 | D        | Found a corrupted altar of Lugonu.
   152 | D        | Found a burning altar of Makhleb.
   153 | D        | Found a sparkling altar of Nemelex Xobeh.
   154 | D        | Found an iron altar of Okawaru.
   155 | D        | Found a stormy altar of Qazlal.
   156 | D        | Found a sacrificial altar of Ru.
   157 | D        | Found a shimmering blue altar of Sif Muna.
   158 | D        | Found a bloodstained altar of Trog.
   159 | D        | Found a hide-covered altar of Uskayaw.
   160 | D        | Found a radiant altar of Vehumet.
   161 | D        | Found an ornate altar of the Wu Jian Council.
   162 | D        | Found a shimmering altar of Xom.
   163 | D        | Found a basalt altar of Yredelemnul.
   166 | D        | Became a worshipper of Warmaster Okawaru
   169 | D        | Found a glowing silver altar of Zin.
   170 | D        | Found a glowing golden altar of the Shining One.
   178 | D        | Found the +7 lajatang of Order {silver, rMut}
   217 | D        | Noticed a two-headed ogre
   217 | D        | Noticed a centaur
   217 | D        | Noticed a kobold brigand
   217 | D        | Noticed a two-headed ogre
   217 | D        | Noticed an acid dragon
   226 | D        | Killed a two-headed ogre
   233 | D        | Killed an acid dragon
   234 | D        | Reached skill level 5 in Fighting
   234 | D        | Reached skill level 5 in Long Blades
   234 | D        | Reached skill level 7 in Armour
   234 | D        | Reached skill level 1 in Stealth
   234 | D        | Reached XP level 5. HP: 4/53 MP: 5/5
   239 | D        | Reached skill level 8 in Armour
   239 | D        | Reached skill level 1 in Dodging
   239 | D        | Killed a two-headed ogre
   239 | D        | Reached * piety under Okawaru
   239 | D        | Reached ** piety under Okawaru
   240 | D        | Reached skill level 9 in Armour
   240 | D        | Reached XP level 6. HP: 47/62 MP: 6/6
   242 | D        | Reached XP level 7. HP: 52/70 MP: 7/7
   242 | D        | Reached *** piety under Okawaru
   249 | D        | Noticed an eight-headed hydra
   249 | D        | Noticed an efreet
   249 | D        | Noticed a troll
   249 | D        | Noticed a slime creature
   249 | D        | Noticed a slime creature
   249 | D        | Noticed a deep elf pyromancer
   395 | D        | Noticed a fire elemental
   395 | D        | Noticed a fire elemental
   399 | D        | HP: 2/70 [large slime creature (17)]
   626 | D        | HP: 3/70 [large slime creature (27)]
   627 | D        | Annihilated by a large slime creature

Illustrated notes

Levels and vault maps discovered:
D:        linesprint [early_d, line_temple, items_1, d_10, items_2, lair_1,
          lair_end, items_3, orc_1, orc_end, items_4, d_15, swamp_1, shoals_1,
          snake_1, spider_1, d_20, vaults_1, items_5, swamp_end, shoals_end,
          snake_end, spider_end, vaults_end, d_27, items_6, zot_1, zot_end,
          crypt_end, forest_end, elf_end, slime_end, tomb_end, abyss_end,
          pan_hell_end]

Skill      XL: |  1  2  3  4  5  6  7 |
---------------+----------------------+-----
Fighting       | 3 4 5 6 7 |  7.2
Armour         | 4 6 7 9 |  9.3
Long Blades    | 2 3 5 7 8 |  8.1
Shields        | 4 5 6 7 8 |  8.1
Stealth        | 1 2 |  2.6
Dodging        | 1 |  1.8

Action                   |  1- 3 |  4- 6 |  7- 9 || total
-------------------------+-------+-------+-------++-------
Melee: Long sword        |    29 |     2 |       ||    31
       Tailslap          |     2 |     2 |     6 ||    10
       Scimitar          |       |    20 |    23 ||    43
Evoke: Wand              |       |       |     1 ||     1
  Use: Potion            |     1 |     4 |     1 ||     6
       Scroll            |       |       |     1 ||     1
 Stab: Invisible         |       |     2 |     2 ||     4
Armor: Scale mail        |    16 |       |       ||    16
       Ring mail         |       |    10 |     4 ||    14
Dodge: Dodged            |     8 |    11 |     4 ||    23
Block: Buckler           |     4 |     6 |     3 ||    13

Table legend: (Time is in decaauts)
 A = Elapsed time spent in this place.
 B = Non-inter-level travel time spent in this place.
 C = Inter-level travel time spent in this place.
 D = Time resting spent in this place.
 E = Time spent auto-exploring this place.
 F = Levels seen in this place.
 G = Mean time per level.
                   A        B        C        D        E       F      G
               +--------+--------+--------+--------+--------+-----+--------+
         Total |    641 |    641 |      0 |    439 |      3 |   1 |  641.0 |
       Dungeon |    641 |    641 |      0 |    439 |      3 |   1 |  641.0 |
               +--------+--------+--------+--------+--------+-----+--------+

Top non-repeatable levels by time:
       D: 641 daAuts
